 Dungeon Crawl Stone Soup version 0.32-a0-350-g4f4d228785 (webtiles) character file.

Game seed: 6975802794371311704

858 DisplacerKitten the Digger (level 7, -1/32 HPs)
             Began as a Spriggan Earth Elementalist on Feb 17, 2024.
             Was an Initiate of Ashenzari.
             Slain by a manticore (8 damage)
             ... on level 6 of the Dungeon.
             The game lasted 00:04:23 (4615 turns).

DisplacerKitten the Digger (SpEE)                   Turns: 4615, Time: 00:04:24

Health: -1/32      AC:  3    Str:  4    XL:     7   Next: 71%
Magic:  3/12       EV: 17    Int: 18    God:    Ashenzari [......]
Gold:   176        SH:  0    Dex: 16    Spells: 7/11 levels left

rFire   + . .        s - +11 whip of Ehialuics {venom, *Slow rF+ rN+ rCorr}
rCold   . . .        (no shield)
rNeg    + . .        a - +0 robe
rPois   .            (helmet restricted)
rElec   .            h - +0 cloak
rCorr   +            (gloves unavailable)
SInv    +            (boots unavailable)
Will    +....        (no amulet)
Stlth   ++           (no ring)
HPRegen 0.25/turn    (no ring)
MPRegen 0.13/turn

%: slow self (1%)
@: very quick
A: very small, no large weapons, unfitting armour, see invisible, speed 3
a: Renounce Religion


You were on level 6 of the Dungeon.
You worshipped Ashenzari.
Ashenzari was noncommittal.
You visited 1 branch of the dungeon, and saw 6 of its levels.

You collected 241 gold pieces.
You spent 65 gold pieces at shops.

Inventory:

Hand Weapons
 s - the +11 whip of Ehialuics (weapon) {venom, *Slow rF+ rN+ rCorr}
   (You found it on level 5 of the Dungeon)

   rF+:       It protects you from fire.
   rN+:       It protects you from negative energy.
   rCorr:     It protects you from acid and corrosion.
   *Slow:     It may slow you when you take damage.
Armour
 a - a +0 robe (worn)
 h - a +0 cloak (worn)
Jewellery
 m - an amulet of faith
 t - a ring of protection from cold
Wands
 i - a wand of flame (15)
Scrolls
 c - a scroll of torment {unknown}
 d - a scroll of silence {unknown}
 e - a scroll of noise {unknown}
 f - 3 scrolls of identify {unknown}
 k - a scroll of revelation {unknown}
 l - 2 scrolls of immolation {unknown}
 q - a scroll of teleportation {unknown}
Potions
 b - a potion of magic
 g - a potion of curing {unknown}
 j - a potion of degeneration {unknown}
 n - a potion of invisibility {unknown}
 o - 2 potions of heal wounds {@q1}
 p - a potion of cancellation {unknown}
 r - a potion of haste {unknown}


   Skills:
 - Level 2.6 Dodging
 - Level 3.0 Stealth
 - Level 2.6 Spellcasting
 + Level 4.6 Conjurations
 + Level 6.2 Earth Magic


You had 7 spell levels left.
You knew the following spells:

 Your Spells              Type           Power      Damage    Failure   Level
a - Stone Arrow           Conj/Erth      44%        3d9       5%          3
s - Sandblast             Erth           50%        2d12      1%          1

Your spell library contained the following spells:

 Spells                   Type           Power      Damage    Failure   Level
 Passwall                 Erth           25%        N/A       3%          3
 Brom's Barrelling Bould  Conj/Erth      22%        2d4       19%         4
 Petrify                  Alch/Erth      13%        N/A       43%         4


Dungeon Overview and Level Annotations

Branches:
Dungeon (6/15)             Temple (0/1) D:5

Altars:
Ashenzari
Fedhas
Xom

Shops:
D:5 *

Annotations:
D:3 ignis


Innate Abilities, Weirdness & Mutations

You are very small and have problems with some larger weapons.
You are too small for most types of armour.
You have supernaturally acute eyesight. (SInv)
You cover ground extremely quickly. (Speed+++)


Message History

An adder is nearby!
You can't see any susceptible monsters within range! (Use Z to cast anyway.)
You can't see any susceptible monsters within range! (Use Z to cast anyway.)
There is an open door here.
Found a robe.
The blast of sand hits the adder!!
You kill the adder!
You can't see any susceptible monsters within range! (Use Z to cast anyway.)
You see here an adder corpse.
You open the door.
A manticore is nearby!
A manticore is nearby!
A manticore is nearby!
Casting: Sandblast (safe; 1% risk of failure)
Confirm with . or Enter, or press ? or * to list all spells.
Aiming: Stone Arrow (dangerous; 5% risk of failure)
Press: ? - help, Shift-Dir - straight line, f - manticore
Aim: a manticore (83% to hit)
The stone arrow hits the manticore!!
The manticore is heavily wounded.
The manticore bites you. The manticore claws you. The manticore misses you.
Casting: Stone Arrow (dangerous; 5% risk of failure)
Confirm with . or Enter, or press ? or * to list all spells.
Aiming: Stone Arrow (dangerous; 5% risk of failure)
Press: ? - help, Shift-Dir - straight line, f/p - manticore
Aim: a manticore (heavily wounded, 83% to hit)
The stone arrow hits the manticore!
The manticore is almost dead.
The manticore barely misses you. The manticore claws you. x2
Casting: Stone Arrow (dangerous; 5% risk of failure)
Confirm with . or Enter, or press ? or * to list all spells.
Aiming: Stone Arrow (dangerous; 5% risk of failure)
Press: ? - help, Shift-Dir - straight line, f/p - manticore
Aim: a manticore (almost dead, 83% to hit)
The stone arrow hits the manticore.
The manticore is almost dead.
The manticore bites you!
* * * LOW HITPOINT WARNING * * *
The manticore claws you!
You die...

#. ### #.###.#
###...[.######
.............#
...........<.#
.............#
#######.######
##########.## #######
............###.@H..#
............##..###..#
............##.ß#%#ß.#
............##'##$# +#
............'...#[#
............#ß..#?+
...†........##+##)#
............# #(#
............# ##.


You could see a manticore.

Vanquished Creatures
  A water moccasin (D:6)
  An ice beast (D:5)
  An ogre (D:5)
  2 scorpions
  A howler monkey (D:5)
  2 hounds (D:5)
  Jessica (D:2)
  2 iguanas
  3 gnolls (D:2)
  8 adders
  A white imp (D:5)
  A dart slug (D:3)
  2 ribbon worms (D:2)
  6 orcs
  12 ball pythons
  11 endoplasms
  3 giant cockroaches
  11 hobgoblins
  2 jackals (D:4)
  3 quokkas
  4 bats
  5 frilled lizards
  9 goblins
  3 kobolds
  8 rats
103 creatures vanquished.

Notes
Turn   | Place    | Note
-------+----------+-------------------------------------------
     0 | D:1      | DisplacerKitten the Spriggan Earth Elementalist began the
                  | quest for the Orb.
     0 | D:1      | Reached XP level 1. HP: 9/9 MP: 5/5
    86 | D:1      | Reached skill level 1 in Conjurations
   135 | D:1      | Reached skill level 3 in Earth Magic
   135 | D:1      | Reached XP level 2. HP: 13/13 MP: 4/6
   554 | D:1      | Reached XP level 3. HP: 16/16 MP: 6/8
   894 | D:1      | Learned a level 3 spell: Stone Arrow
   895 | D:2      | Found a blossoming altar of Fedhas.
  1037 | D:2      | Reached XP level 4. HP: 21/21 MP: 6/9
  1590 | D:2      | Reached skill level 4 in Earth Magic
  1639 | D:2      | Noticed Jessica
  1645 | D:2      | Killed Jessica
  1646 | D:2      | Reached XP level 5. HP: 15/24 MP: 6/10
  2435 | D:3      | Found a faded altar of an unknown god.
  2560 | D:3      | Found a shimmering altar of Xom.
  3080 | D:4      | Reached XP level 6. HP: 20/28 MP: 6/11
  3665 | D:4      | Reached skill level 5 in Earth Magic
  3877 | D:5      | Entered Level 5 of the Dungeon
  3877 | D:5      | Found Kakhogul's General Store.
  3913 | D:5      | Bought a potion of heal wounds for 65 gold pieces
  3954 | D:5      | Found a broken altar of Ashenzari.
  3968 | D:5      | Became a worshipper of Ashenzari the Shackled
  4076 | D:5      | Identified the beast talisman "Tappequkh" {Will- Int+6
                  | Dex+7}
  4107 | D:5      | Reached XP level 7. HP: 32/32 MP: 8/12
  4140 | D:5      | Found a staircase to the Ecumenical Temple.
  4489 | D:5      | Identified the +11 whip of Ehialuics {venom, *Slow rF+ rN+
                  | rCorr}
  4544 | D:6      | Reached skill level 6 in Earth Magic
  4596 | D:6      | Noticed a hornet
  4597 | D:6      | Noticed a manticore
  4615 | D:6      | Slain by a manticore

Illustrated notes

Levels and vault maps discovered:
D:1:      dpeg_arrival_leaves_temple_mockup, layout_loops_ring,
          minmay_misc_feat_tower
D:2:      layout_basic, basic_altar, minmay_misc_feat_alley, minivault_24,
          uniq_jessica
D:3:      layout_loops_ring, lemuel_round_altar,
          hellmonk_ecumenical_altar_zigzags, grunt_ministairs_3,
          kennysheep_generic_room_12
D:4:      layout_basic
D:5:      layout_rooms, cheibrodos_ashenzari_chains, minmay_temple_entry_ruins,
          serial_shops, nicolae_shop_tiny_waterfront
D:6:      minmay_chambers_of_sixes, layout_basic, gammafunk_ghost_grave

Skill      XL: |  1  2  3  4  5  6  7 |
---------------+----------------------+-----
Conjurations   | 1 2 3 4 |  4.6
Earth Magic    | 3 4 5 6 |  6.2
Dodging        | |  2.6
Stealth        | |  3.0
Spellcasting   | |  2.6

Action                     |  1- 3 |  4- 6 |  7- 9 || total
---------------------------+-------+-------+-------++-------
   Cast: Sandblast         |    37 |   116 |    19 ||   172
         Stone Arrow       |       |       |     4 ||     4
 Armour: Robe              |       |    16 |    11 ||    27
  Dodge: Dodged            |     2 |    32 |     7 ||    41

Table legend: (Time is in decaauts)
 A = Elapsed time spent in this place.
 B = Non-inter-level travel time spent in this place.
 C = Inter-level travel time spent in this place.
 D = Time resting spent in this place.
 E = Time spent auto-exploring this place.
 F = Levels seen in this place.
 G = Mean time per level.
                   A        B        C        D        E       F      G
               +--------+--------+--------+--------+--------+-----+--------+
         Total |   3494 |   3438 |     56 |      0 |   2957 |   6 |  582.3 |
       Dungeon |   3494 |   3438 |     56 |      0 |   2957 |   6 |  582.3 |
               +--------+--------+--------+--------+--------+-----+--------+

Top non-repeatable levels by time:
     D:2: 963 daAuts
     D:1: 672 daAuts
     D:4: 643 daAuts
     D:3: 624 daAuts
     D:5: 509 daAuts
     D:6: 80 daAuts
